 Dungeon Crawl Stone Soup version 0.24-a0-586-g8e0e932 (webtiles) character file.

Game seed: 5703789093186622743, levelgen mode: deterministic

17138 COBRA the Severer (level 12, -1/107 HPs)
             Began as a Hill Orc Fighter on Sept 7, 2019.
             Was an Elder of Yredelemnul.
             Slain by a catoblepas (26 damage)
             ... on level 5 of the Lair of Beasts.
             The game lasted 00:26:57 (7099 turns).

COBRA the Severer (Hill Orc Fighter)                Turns: 7099, Time: 00:26:57

Health: -1/107     AC: 18    Str: 23    XL:     12   Next: 44%
Magic:  17/19      EV:  6    Int:  8    God:    Yredelemnul [****..]
Gold:   572        SH: 10    Dex: 11    Spells: 11/11 levels left

rFire    . . .     SeeInvis .   a - +1 war axe (chop)
rCold    . . .     Gourm    .   c - +0 shield
rNeg     . . .     Faith    +   A - +0 plate armour
rPois    .         Spirit   .   (no helmet)
rElec    .         Reflect  .   o - +0 cloak
rCorr    .         Harm     .   k - +0 pair of gloves
MR       .....                  j - +1 pair of boots
Stlth    ..........             g - amulet of faith
HPRegen  0.27/turn              w - ring of stealth
MPRegen  0.16/turn              (no ring)

@: no status effects
A: no striking features
a: Recall Undead Slaves, Injury Mirror, Animate Dead, Drain Life, Renounce
Religion


You were on level 5 of the Lair of Beasts.
You worshipped Yredelemnul.
Yredelemnul was greatly pleased with you.
You were not hungry.

You visited 3 branches of the dungeon, and saw 19 of its levels.
You also visited: Ice Cave.

You collected 572 gold pieces.

Inventory:

Hand Weapons
 a - a +1 war axe of chopping (weapon)
 n - a +2 whip of draining
 u - a +0 hand axe of electrocution
 z - a +3 trident of pain
Armour
 b - a +0 scale mail
 c - a +0 shield (worn)
 j - a +1 pair of boots (worn)
 k - a +0 pair of gloves (worn)
 o - a +0 cloak (worn)
 A - a +0 plate armour (worn)
 J - a +0 cloak
Jewellery
 e - an uncursed ring of fire
 g - an amulet of faith (around neck)
 l - an uncursed ring of wizardry
 w - a ring of stealth (left hand)
Wands
 h - a wand of iceblast (10)
 t - a wand of paralysis (4)
 y - a wand of acid (2)
 C - a wand of enslavement (6)
 F - a wand of polymorph (5)
Scrolls
 m - a scroll of fog
 s - 3 scrolls of teleportation
 B - 4 scrolls of remove curse
 I - a scroll of magic mapping
Potions
 d - a potion of haste
 p - a potion of invisibility {unknown}
 q - a potion of resistance {unknown}
 r - a potion of brilliance {unknown}
 v - 2 potions of lignification
 x - 2 potions of flight
 D - a potion of berserk rage {unknown}
 E - a potion of magic {unknown}
 G - a potion of heal wounds
 H - a potion of curing
Comestibles
 f - 17 rations


   Skills:
 - Level 10.5 Fighting
 - Level 16.1 Axes
 * Level 6.9 Armour
 - Level 2.8 Dodging
 * Level 6.5 Shields
 - Level 10.0 Invocations
 - Level 5.8 Evocations


You had 11 spell levels left.
You didn't know any spells.
Your spell library contained the following spells:

 Spells                   Type           Power        Failure   Level  Hunger
 Magic Dart               Conj           #...         100%        1    ##.....
 Summon Small Mammal      Summ           #...         100%        1    ##.....
 Call Imp                 Summ           #.......     100%        2    ###....
 Searing Ray              Conj           #.....       100%        2    ###....
 Call Canine Familiar     Summ           #.......     100%        3    ####...
 Dazzling Spray           Conj/Hex       #.....       100%        3    ####...
 Summon Guardian Golem    Hex/Summ       #.......     100%        3    ####...
 Force Lance              Conj/Tloc      #.......     100%        4    #####..
 Fulminant Prism          Conj/Hex       #.........   100%        4    #####..
 Iskenderun's Mystic Bla  Conj           #.......     100%        4    #####..
 Summon Ice Beast         Ice/Summ       #.......     100%        4    #####..
 Summon Lightning Spire   Summ/Air       #.......     100%        4    #####..


Dungeon Overview and Level Annotations

Branches:
Dungeon (12/15)            Temple (1/1) D:5            Lair (6/6) D:10
  Slime (0/5) Lair:6          Orc (0/2) D:9           IceCv (visited)
  Swamp: Lair:2-4    Shoals: Lair:2-4     Snake: Lair:2-4    Spider: Lair:2-4

Altars:
Cheibriados
Dithmenos
Elyvilon
Fedhas
Gozag
Hepliaklqana
Kikubaaqudgha
Nemelex Xobeh
Qazlal
Ru
Sif Muna
Uskayaw
Vehumet
Wu Jian
Xom
Yredelemnul
The Shining One
Jiyva

Shops:
D:5 %   D:6 :

Annotations:
Lair:4 Rupert
Lair:6 1 runed translucent door


Message History

Your blink frog zombie is engulfed in calcifying dust.
Your blink frog zombie is moving more slowly.
Your blink frog zombie hits the plant.
The catoblepas closely misses something.
Something hits the catoblepas.
Your blink frog zombie is engulfed in calcifying dust.
Your blink frog zombie stops moving altogether!
Your elephant zombie is engulfed in calcifying dust.
Your elephant zombie stops moving altogether!
You are too injured to fight recklessly!
You are too injured to fight recklessly!
You are too injured to fight recklessly!
You are too injured to fight recklessly!
You are too injured to fight recklessly!
You are too injured to fight recklessly!
You hit the catoblepas but do no damage.
The catoblepas is heavily wounded.
The catoblepas gores you!!
You die...
Your body rises from the dead as a mindless zombie.

..... ..... ...#
####.... ..P# .##...#
###..### .....####
###P#....# .#......#
###.P......##
........###.#.P.....#.#
.......###P§§ZZY.....#
)......##.....Z#@....#
.......'.....##......#
.........##..###........
.#.#...###.### ........P
##.##### ### #.......#
### #.#....## ########


You could see a catoblepas, a friendly elephant zombie (petrified) and a
friendly blink frog zombie (petrified).

Vanquished Creatures
  A two-headed ogre (D:8)
  A tengu warrior (D:11)
  A queen ant (Lair:3)
  Urug (Lair:3)
  Nergalle (Lair:4)
  A cyclops (D:12)
  An ugly thing (IceCv)
  2 elephants (Lair:5)
  A gargoyle (D:10)
  A rime drake (Lair:3)
  2 komodo dragons
  2 trolls (D:9)
  Prince Ribbit (D:8)
  4 blink frogs
  5 hippogriffs
  16 yaks
  4 soldier ants (Lair:3)
  5 water moccasins
  3 porcupines
  An eye of draining (D:12)
  7 ice beasts
  A phantom (D:4)
  An orc warrior (D:11)
  2 black bears
  3 ogres
  3 wolves (Lair:2)
  2 centaurs
  2 crocodiles
  2 bullfrogs
  A gnoll sergeant (D:8)
  A scorpion (D:8)
  9 killer bees
  A wight (D:11)
  A howler monkey (D:12)
  A crimson imp (D:5)
  A bullfrog zombie (D:11)
  2 hounds
  3 orc priests
  A jelly (D:5)
  6 orc wizards
  3 bullfrog skeletons
  2 centaur skeletons
  2 iguanas
  9 worker ants
  A worker ant zombie (D:5)
  7 gnolls
  7 adders
  2 shadow imps
  10 white imps (Lair:3)
  A worm (D:2)
  A dart slug (D:2)
  2 leopard geckos
  11 orcs
  3 giant cockroaches (D:3)
  4 hobgoblins
  4 jackals
  2 quokkas
  A ball python (D:1)
  3 bats
  2 frilled lizards
  A jackal skeleton (D:4)
  A jackal zombie (D:5)
  2 kobolds (D:3)
  2 rats (D:1)
  3 plants
190 creatures vanquished.

Vanquished Creatures (collateral kills)
  3 elephants (Lair:5)
  A centaur zombie (D:11)
  2 komodo dragons (Lair:4)
  A tyrant leech (Lair:4)
  4 blink frogs
  2 yaks
  A soldier ant (Lair:3)
  A wolf (Lair:2)
  3 bullfrogs
  A killer bee (D:11)
  2 electric eels (D:11)
  A crimson imp (D:8)
  A bullfrog zombie (D:11)
  A centaur skeleton (D:11)
  3 worker ants (Lair:3)
  A killer bee zombie (D:8)
  2 adders (Lair:4)
  A shadow imp (D:11)
  2 white imps (Lair:3)
  2 fungi
  6 plants
41 creatures vanquished.

Vanquished Creatures (others)
  7 flying skulls
  A blink frog skeleton (Lair:5)
  A yak zombie (D:11)
  A wight (Lair:5)
  A centaur zombie (D:11)
  A porcupine skeleton (Lair:5)
  2 adder zombies (Lair:4)
  A jackal zombie (D:9)
  3 fungi (Lair:5)
  12 plants
30 creatures vanquished.

Grand Total: 261 creatures vanquished

Notes
Turn   | Place    | Note
-------+----------+-------------------------------------------
     0 | D:1      | COBRA the Hill Orc Fighter began the quest for the Orb.
     0 | D:1      | Reached XP level 1. HP: 19/19 MP: 1/1
    58 | D:1      | Reached skill level 3 in Axes
   145 | D:2      | Reached XP level 2. HP: 20/26 MP: 2/2
   347 | D:2      | Reached skill level 4 in Axes
   485 | D:3      | Noticed a black bear
   494 | D:3      | Killed a black bear
   494 | D:3      | Reached skill level 6 in Axes
   494 | D:3      | Reached XP level 3. HP: 25/31 MP: 3/3
   494 | D:3      | Reached XP level 4. HP: 31/39 MP: 4/4
   508 | D:3      | Found a glowing golden altar of the Shining One.
   601 | D:5      | Entered Level 5 of the Dungeon
   608 | D:5      | Found a blossoming altar of Fedhas.
   608 | D:5      | Found a stormy altar of Qazlal.
   718 | D:4      | Reached XP level 5. HP: 28/45 MP: 5/5
   954 | D:4      | Found an ancient bone altar of Kikubaaqudgha.
   954 | D:4      | Noticed a phantom
   983 | D:4      | Killed a phantom
   983 | D:4      | Reached skill level 8 in Axes
   983 | D:4      | Reached XP level 6. HP: 28/51 MP: 6/6
  1167 | D:4      | Noticed a phantom
  1360 | D:5      | Found Fat Keorgh's Food Emporium.
  1427 | D:5      | Found a basalt altar of Yredelemnul.
  1688 | D:5      | Reached skill level 9 in Axes
  1696 | D:5      | Reached XP level 7. HP: 34/57 MP: 7/7
  1716 | D:5      | Found a staircase to the Ecumenical Temple.
  1725 | Temple   | Entered the Ecumenical Temple
  1834 | D:5      | Reached skill level 10 in Axes
  1838 | D:5      | Found a hazy altar of Hepliaklqana.
  1975 | D:5      | Became a worshipper of Yredelemnul the Dark
  2164 | D:6      | Found Miwuniyff's Book Shop.
  2555 | D:8      | Noticed Prince Ribbit
  2573 | D:8      | Killed Prince Ribbit
  2573 | D:8      | Reached XP level 8. HP: 30/70 MP: 8/8
  2816 | D:9      | Noticed a troll
  2829 | D:9      | Killed a troll
  3049 | D:8      | Noticed a two-headed ogre
  3062 | D:8      | Killed a two-headed ogre
  3062 | D:8      | Reached skill level 10 in Fighting
  3062 | D:8      | Reached XP level 9. HP: 86/86 MP: 9/9
  3080 | D:8      | Reached * piety under Yredelemnul
  3108 | D:8      | Reached skill level 1 in Dodging
  3587 | D:9      | Noticed a troll
  3596 | D:9      | Killed a troll
  3596 | D:9      | Reached skill level 5 in Armour
  3596 | D:9      | Reached skill level 5 in Shields
  3612 | D:9      | Found a staircase to the Orcish Mines.
  3664 | D:10     | Entered Level 10 of the Dungeon
  3679 | D:10     | Reached XP level 10. HP: 73/94 MP: 12/12
  3702 | D:10     | Reached ** piety under Yredelemnul
  3703 | D:10     | Noticed a gargoyle
  3722 | D:10     | Killed a gargoyle
  4050 | D:11     | Noticed a tengu warrior
  4062 | D:11     | Killed a tengu warrior
  4272 | D:11     | Reached skill level 10 in Invocations
  4760 | D:12     | Noticed a cyclops
  4765 | D:12     | Reached *** piety under Yredelemnul
  4769 | D:12     | Killed a cyclops
  4793 | D:12     | Noticed a green ugly thing
  4816 | D:11     | Reached XP level 11. HP: 87/101 MP: 12/18
  4969 | D:10     | Found a staircase to the Lair.
  4998 | Lair:1   | Entered Level 1 of the Lair of Beasts
  5030 | Lair:1   | Reached skill level 5 in Evocations
  5552 | Lair:3   | Reached skill level 11 in Axes
  5575 | Lair:3   | Reached skill level 12 in Axes
  5760 | Lair:3   | Found an ornate altar of the Wu Jian Council.
  5780 | Lair:3   | Noticed Urug
  5785 | Lair:3   | Found a frozen archway.
  5789 | Lair:3   | Reached **** piety under Yredelemnul
  5796 | Lair:3   | Killed Urug
  5796 | Lair:3   | Received a gift from Yredelemnul (a wight)
  6090 | IceCv    | Entered an ice cave
  6120 | IceCv    | Reached skill level 13 in Axes
  6135 | IceCv    | Noticed a white ugly thing
  6150 | IceCv    | Killed a white ugly thing
  6424 | Lair:3   | Received a gift from Yredelemnul (4 flying skulls)
  6448 | Lair:3   | Noticed a queen ant
  6462 | Lair:3   | Killed a queen ant
  6462 | Lair:3   | Reached skill level 14 in Axes
  6554 | Lair:4   | Noticed Nergalle
  6571 | Lair:4   | Reached XP level 12. HP: 43/107 MP: 19/19
  6582 | Lair:4   | Killed Nergalle
  6582 | Lair:4   | Reached skill level 15 in Axes
  6667 | Lair:4   | Noticed Rupert
  6668 | Lair:4   | Paralysed by Rupert for 5 turns
  6695 | Lair:4   | Received a gift from Yredelemnul (3 flying skulls)
  6897 | Lair:5   | Reached skill level 16 in Axes
  6929 | Lair:6   | Entered Level 6 of the Lair of Beasts
  6929 | Lair:6   | Found a runed translucent door.
  6929 | Lair:6   | Found a viscous altar of Jiyva.
  6929 | Lair:6   | Noticed an acid blob
  6932 | Lair:6   | Found a staircase to the Slime Pits.
  6955 | Lair:6   | Noticed a catoblepas
  7090 | Lair:5   | Noticed a catoblepas
  7099 | Lair:5   | Slain by a catoblepas

Levels and vault maps discovered:
D:1:      evilmike_arrival_fibonacci_small, layout_basic
D:2:      layout_loops_corners, old_standard_altar
D:3:      layout_basic, tso_metal_star, makhleb_blood_cavern_becter,
          minmay_liquid_box, grunt_ministairs_15, minmay_between
D:4:      layout_cave_pools, kiku_gazebo_garden_becter, first_ration
D:5:      layout_basic, grunt_temple_overflow_forces_of_nature,
          lemuel_coloured_pillars_altar, nicolae_overflow_crystal_walls,
          minmay_temple_entry_mini_moons, serial_shops, nicolae_shop_waterfront
D:6:      layout_loops_corners, serial_shops, shop_fountains, shop, shop,
          nicolae_shop_waterfront, moated_statue
D:7:      mumra_celtic_spiral_tile, layout_cave_pods, okawaru_ov_weapons_minmay,
          serial_shops, nicolae_shop_crystal, grunt_ogre_cave, uniq_joseph,
          uniq_harold
D:8:      layout_basic, roderic_lattice_a, uniq_prince_ribbit1
D:9:      layout_cave_pools, nicolae_overflow_hidden_temple,
          overflow_temple_1_default, nicolae_ashenzari_panopticon, orc_0_dummy
D:10:     layout_roguey, david_lair_shrubbed, hangedman_decor_points,
          hangedman_decor_growths
D:11:     layout_basic, lemuel_nasty_fountain
D:12:     layout_loops_ring
Temple:   cyrus_temple_forest
Lair:1:   beast_lair_carwin_large_3, layout_long_grid,
          hellmonk_ghost_happy_afterlife, grunt_forest_stairs_basic,
          lemuel_fruit_tree, serial_bayou_shore_a, uniq_erica
Lair:2:   layout_loops_ring, guppyfry_snake_entry_garden, basic_altar,
          nicolae_quartered_pool_medium
Lair:3:   layout_loops_ring, portal_ice_cave_entry_imps, basic_altar,
          wad_woods_antlair, uniq_urug
Lair:4:   layout_layer_cave, minmay_swamp_entry_worms,
          cheibrodos_lair_reptile_den, grunt_megastairs_3, uniq_rupert,
          uniq_nergalle
Lair:5:   layout_roguey, minmay_shattered_shrine, grunt_megastairs_5
Lair:6:   minmay_lair_end_frog_pond, layout_gridlike, slime_altar_2,
          minmay_lair_oklob_items, kennysheep_abandoned_house, uniq_nessos

Skill      XL: |  1  2  3  4  5  6  7  8  9 10 11 12 |
---------------+-------------------------------------+-----
Axes           | 3 6 8 9 10 14 16 | 16.1
Fighting       | 6 10 | 10.5
Dodging        | 2 |  2.8
Armour         | 5 6 |  6.9
Shields        | 5 6 |  6.5
Invocations    | 3 10 | 10.0
Evocations     | 3 5 |  5.8

Action                   |  1- 3 |  4- 6 |  7- 9 | 10-12 || total
-------------------------+-------+-------+-------+-------++-------
Melee: War axe           |    38 |   119 |    29 |    31 ||   217
       Hand axe          |       |       |   127 |   420 ||   547
Invok: Animate Remains   |       |       |     9 |     9 ||    18
       Animate Dead      |       |       |       |    16 ||    16
       Drain Life        |       |       |       |     6 ||     6
       Recall Undead Sla |       |       |       |     5 ||     5
Evoke: Wand              |       |       |     8 |    14 ||    22
  Use: Potion            |     1 |       |     1 |     5 ||     7
       Scroll            |       |     9 |     5 |     9 ||    23
 Stab: Paralysed         |       |       |    13 |    23 ||    36
       Distracted        |       |       |     1 |     5 ||     6
  Eat: Chunk             |       |     2 |     6 |    14 ||    22
       Ration            |       |       |     1 |     2 ||     3
Armor: Scale mail        |    23 |    42 |    55 |    52 ||   172
       Plate armour      |       |       |       |   110 ||   110
Dodge: Dodged            |     9 |    42 |    50 |   109 ||   210
Block: Shield            |    20 |    54 |    53 |   160 ||   287

Table legend:
 A = Non-vault XP
 B = Vault XP
 C = Vault XP percentage of total XP
 D = Non-vault monster count
 E = Vault monster count
 F = Vault count percentage of total count
                 A         B        C        D         E       F
            +---------+---------+-------+---------+---------+-------
      Total |   18110 |    6373 |  26.0 |     172 |      48 |  21.8
            +---------+---------+-------+---------+---------+-------
        D:1 |      10 |       0 |   0.0 |       7 |       0 |   0.0
        D:2 |      13 |       0 |   0.0 |       4 |       0 |   0.0
        D:3 |     141 |       2 |   1.4 |      11 |       1 |   8.3
        D:4 |     160 |       0 |   0.0 |       3 |       0 |   0.0
        D:5 |     465 |       0 |   0.0 |      17 |       0 |   0.0
        D:6 |     245 |       0 |   0.0 |      12 |       0 |   0.0
        D:7 |      93 |       0 |   0.0 |       1 |       0 |   0.0
        D:8 |    2136 |     268 |  11.1 |      20 |       1 |   4.8
        D:9 |    1035 |       0 |   0.0 |       8 |       0 |   0.0
       D:10 |     755 |     367 |  32.7 |      11 |       1 |   8.3
       D:11 |    3567 |       0 |   0.0 |      28 |       0 |   0.0
       D:12 |     782 |       0 |   0.0 |       6 |       0 |   0.0
     Lair:1 |     608 |       0 |   0.0 |       3 |       0 |   0.0
     Lair:2 |     868 |       0 |   0.0 |       8 |       0 |   0.0
     Lair:3 |    2258 |    2589 |  53.4 |      11 |      25 |  69.4
     Lair:4 |    1620 |    1314 |  44.8 |       9 |      10 |  52.6
     Lair:5 |    3281 |     500 |  13.2 |      12 |       3 |  20.0
     Lair:6 |      73 |       0 |   0.0 |       1 |       0 |   0.0
      IceCv |       0 |    1333 | 100.0 |       0 |       7 | 100.0
            +---------+---------+-------+---------+---------+-------
